 Dungeon Crawl Stone Soup version 0.22-a0-812-g4c1e2d5471 (webtiles) character file.

30 Mirvelgyr the Chopper (level 3, -5/33 HPs)
             Began as a Minotaur Berserker on July 23, 2018.
             Was a Follower of Trog.
             Killed from afar by a goblin (34 damage)
             ... with an exploding inner flame
             ... hexed by the player character
             ... on level 2 of the Dungeon.
             The game lasted 00:02:05 (901 turns).

Mirvelgyr the Chopper (Minotaur Berserker)           Turns: 901, Time: 00:02:06

Health: -5/33      AC:  3    Str: 21    XL:     3   Next: 3%
Magic:  2/2        EV: 12    Int:  4    God:    Trog [*.....]
Gold:   50         SH:  0    Dex: 10    Spells: 2/2 levels left

rFire    . . .     SeeInvis .   a - +0 hand axe
rCold    . . .     Gourm    .   (no shield)
rNeg     . . .     Faith    .   k - +0 leather armour (curse)
rPois    .         Spirit   .   (helmet restricted)
rElec    .         Reflect  .   (no cloak)
rCorr    .         Harm     .   (no gloves)
MR       .....                  (no boots)
Stlth    +.........             (no amulet)
HPRegen  0.11/turn              (no ring)
MPRegen  0.08/turn              (no ring)

@: no status effects
A: retaliatory headbutt, horns 2
a: Berserk, Renounce Religion


You were on level 2 of the Dungeon.
You worshipped Trog.
Trog was aware of your devotion.
You were not hungry.

You visited 1 branch of the dungeon, and saw 2 of its levels.

You collected 50 gold pieces.

Inventory:

Hand Weapons
 a - a +0 hand axe (weapon)
Armour
 k - a cursed +0 leather armour (worn)
Scrolls
 d - a scroll of remove curse {unknown}
 e - a scroll of immolation
 g - 3 scrolls of teleportation {unknown}
 i - 2 scrolls of identify {unknown}
Potions
 h - a potion of heal wounds {unknown}
 j - a potion of curing {unknown}
Comestibles
 c - 3 rations
 f - 3 chunks of flesh


   Skills:
 + Level 3.9 Fighting
 * Level 4.3 Axes
 + Level 2.9 Armour
 + Level 2.6 Dodging


You had 2 spell levels left.
You didn't know any spells.
Your spell library was empty.

Dungeon Overview and Level Annotations

Branches:
Dungeon (2/15)

Altars:


Innate Abilities, Weirdness & Mutations

You reflexively headbutt those who attack you in melee.
You have a pair of horns on your head.


Message History

Found a stone staircase leading down.
A goblin is nearby!
A goblin is nearby!
You hit the goblin.
The goblin is moderately wounded.
The goblin hits you but does no damage.
You hit the goblin.
The goblin is severely wounded.
The goblin hits you.
You hit the goblin but do no damage.
The goblin is severely wounded.
The goblin closely misses you.
As you read the scroll labeled MEMITUM RAIKH, it crumbles to dust.
The creatures around you are filled with an inner flame!
It was a scroll of immolation.
The goblin hits you.
You barely miss the goblin.
The goblin explodes!
The fiery explosion engulfs you!
Ouch! That really hurt!
You die...

##.#####.#.####.#.....#.#
#.# #.#.# #.......... #.#
#...# ###.##.##. #.#
#..#######.# ...
...........# ..#
##..#######.# ..# #..#
#.# ######.##.##
#..ยงยง@.....#
#>##.###..#... ... ..#
..... .# #####. ## .. ##


There were no monsters in sight!

Vanquished Creatures
  An adder (D:2)
  A leopard gecko (D:1)
  4 giant cockroaches
  2 hobgoblins (D:1)
  A ball python (D:1)
  A bat (D:1)
  A frilled lizard (D:1)
  4 goblins (D:1)
  2 kobolds (D:1)
  2 rats
19 creatures vanquished.

Notes
Turn   | Place    | Note
-------+----------+-------------------------------------------
     0 | D:1      | Mirvelgyr the Minotaur Berserker began the quest for the Orb.
     0 | D:1      | Reached XP level 1. HP: 19/19 MP: 0/0
   171 | D:1      | Reached XP level 2. HP: 12/27 MP: 1/1
   343 | D:1      | Reached skill level 4 in Axes
   736 | D:2      | Reached XP level 3. HP: 26/33 MP: 2/2
   901 | D:2      | Killed from afar by a goblin

Vault maps used:
D:1:      ncdulo_wetmaze
D:2:      zin_purify, minmay_three_crescents

Skill      XL: |  1  2 |
---------------+-------+-----
Axes           | 4 |  4.3
Fighting       | |  3.9
Armour         | |  2.9
Dodging        | |  2.6

Action                   || total
-------------------------++-------
Melee: Hand axe          ||    46
       Headbutt          ||     8
  Use: Scroll            ||     1
Armor: Animal skin       ||     9
       Leather armour    ||     1
Dodge: Dodged            ||    23

Table legend:
 A = Spawn XP
 B = Non-spawn XP
 C = Spawn XP percentage of total XP
 D = Spawn monster count
 E = Non-spawn monster count
 F = Spawn count percentage of total count
 G = Total turns spent on level
                    A         B        C        D         E        F      G
               +---------+---------+-------+---------+---------+-------+---------
         Total |       0 |      43 |   0.0 |       0 |      19 |   0.0 |   901
               +---------+---------+-------+---------+---------+-------+---------
           D:1 |       0 |      24 |   0.0 |       0 |      15 |   0.0 |   713
           D:2 |       0 |      19 |   0.0 |       0 |       4 |   0.0 |   188
               +---------+---------+-------+---------+---------+-------+---------
